 Dungeon Crawl Stone Soup version 0.22-a0-322-g60b3cfd (webtiles) character file.

87 Kairos the Skirmisher (level 4, 0/36 HPs)
             Began as a Human Fighter on Apr 5, 2018.
             Succumbed to an adder's poison
             ... on level 2 of the Dungeon.
             The game lasted 00:01:41 (1184 turns).

Kairos the Skirmisher (Human Fighter)               Turns: 1184, Time: 00:01:42

Health: 0/36       AC:  6    Str: 22    XL:     4   Next: 80%
Magic:  4/4        EV:  8    Int:  8    God:
Gold:   57         SH: 11    Dex: 13    Spells: 3/3 levels left

rFire    . . .     SeeInvis .   a - +0 war axe
rCold    . . .     Gourm    .   c - +0 shield
rNeg     . . .     Faith    .   b - +0 scale mail
rPois    .         Spirit   .   (no helmet)
rElec    .         Reflect  +   (no cloak)
rCorr    .         Harm     .   (no gloves)
MR       .....                  (no boots)
Stlth    ..........             k - +2 amulet of reflection
HPRegen  0.12/turn              (no ring)
MPRegen  0.09/turn              (no ring)

@: mighty, lethally poisoned (0 -> -5), flying
A: no striking features
a: no special abilities


You were on level 2 of the Dungeon.
You were not hungry.

You visited 1 branch of the dungeon, and saw 2 of its levels.

You collected 57 gold pieces.

Inventory:

Hand Weapons
 a - a +0 war axe (weapon)
Armour
 b - a +0 scale mail (worn)
 c - a +0 shield (worn)
Jewellery
 k - a +2 amulet of reflection (around neck)
Scrolls
 e - a scroll of teleportation {unknown}
 g - a scroll of noise {unknown}
 h - a scroll of remove curse {unknown}
 i - a scroll of identify {unknown}
 j - a scroll of blinking {unknown}
 m - a scroll of magic mapping {unknown}
Potions
 d - a potion of might
Comestibles
 f - 2 rations


   Skills:
 + Level 3.6 Fighting
 + Level 3.1 Axes
 + Level 3.4 Armour
 + Level 0.9 Dodging
 + Level 3.3 Shields


You had 3 spell levels left.
You didn't know any spells.

Dungeon Overview and Level Annotations

Branches:
Dungeon (2/15)

Altars:


Message History

The adder is moderately wounded.
* * * LOW HITPOINT WARNING * * *
You feel sick. The adder bites you.
* * * LOW HITPOINT WARNING * * *
You block the adder's attack.
You miss the adder.
The adder is moderately wounded.
* * * LOW HITPOINT WARNING * * *
You feel sick. You block the adder's attack.
The adder bites you but does no damage.
It was a potion of flight.
You feel very buoyant.
You fly up into the air.
The adder bites you but does no damage.
You feel very mighty all of a sudden.
* * * LOW HITPOINT WARNING * * *
You feel sick. You block the adder's attack.
You slash the adder!
You kill the adder!
Your Axes skill increases to level 3!
You die...

#. #.# #.##########
##.##.......##
.....#.#.#..#
#.##........#
#.#..#@#.#..#
########...%†.......#
#........##.#.#.#.###
#........##.......#
#........##.......#
#.......†##.......#
########.##.......[.
#.##....)..#.
##.##.......#


There were no monsters in sight!

Vanquished Creatures
  Jessica (D:2)
  An adder (D:2)
  4 dart slugs
  2 leopard geckos
  A ball python (D:1)
  3 giant cockroaches
  8 goblins
  9 hobgoblins
  3 bats
  2 frilled lizards
  2 kobolds (D:1)
  3 rats (D:1)
39 creatures vanquished.

Notes
Turn   | Place    | Note
-------+----------+-------------------------------------------
     0 | D:1      | Kairos the Human Fighter began the quest for the Orb.
     0 | D:1      | Reached XP level 1. HP: 18/18 MP: 1/1
   128 | D:1      | Reached XP level 2. HP: 17/24 MP: 2/2
   592 | D:1      | Reached XP level 3. HP: 29/29 MP: 3/3
  1141 | D:2      | Reached XP level 4. HP: 23/35 MP: 4/4
  1163 | D:2      | Noticed Jessica
  1171 | D:2      | Killed Jessica
  1181 | D:2      | HP: 1/36 [poisoned by an adder]
  1184 | D:2      | Succumbed to an adder's poison

Vault maps used:
D:1:      scummos_arrival_star
D:2:      first_ration, serial_co_window_serial, co_window_paths_a,
          co_window_corner_a, co_window_paths_b, co_window_corner_a,
          co_window_cross_1, co_window_unsneaky_path_b,
          co_window_unsneaky_path_d, co_window_2corner, co_window_broadway_c,
          co_window_corner_b, glass_columns_b, glass_columns_b, glass_columns_c,
          glass_columns_a, uniq_natasha, uniq_jessica, uniq_sigmund

Skill      XL: |  1  2  3  4 |
---------------+-------------+-----
Axes           | 3 |  3.1
Fighting       | |  3.6
Armour         | |  3.4
Dodging        | |  0.9
Shields        | |  3.3

Action                   |  1- 3 |  4- 6 || total
-------------------------+-------+-------++-------
Melee: War axe           |   146 |    17 ||   163
  Use: Potion            |       |     2 ||     2
  Eat: Chunk             |     1 |       ||     1
Armor: Scale mail        |    61 |    11 ||    72
Dodge: Dodged            |    39 |     7 ||    46
Block: Shield            |    83 |    21 ||   104

Table legend:
 A = Spawn XP
 B = Non-spawn XP
 C = Spawn XP percentage of total XP
 D = Spawn monster count
 E = Non-spawn monster count
 F = Spawn count percentage of total count
 G = Total turns spent on level
                    A         B        C        D         E        F      G
               +---------+---------+-------+---------+---------+-------+---------
         Total |       0 |     125 |   0.0 |       0 |      39 |   0.0 |  1184
               +---------+---------+-------+---------+---------+-------+---------
           D:1 |       0 |      59 |   0.0 |       0 |      30 |   0.0 |  1100
           D:2 |       0 |      66 |   0.0 |       0 |       9 |   0.0 |    84
               +---------+---------+-------+---------+---------+-------+---------
